 Dungeon Crawl Stone Soup version 0.19.0-2-gae57169 (webtiles) character file.

55 Patchouli the Caller (level 3, -4/20 HPs)
             Began as a Tengu Summoner on Nov 5, 2016.
             Killed by divine providence
             ... invoked by an orc priest
              (12 damage)
             ... on level 3 of the Dungeon.
             The game lasted 00:06:12 (966 turns).

Patchouli the Caller (Tengu Summoner)                Turns: 966, Time: 00:06:13

Health: -4/20      AC:  3    Str:  8    XL:     3   Next: 93%
Magic:  3/8        EV: 13    Int: 16    God:
Gold:   75         SH:  0    Dex: 14    Spells: 3 memorised, 1 level left

rFire  . . .     SeeInvis .     k - +0 hand axe
rCold  . . .     Gourm    .     a - +0 robe
rNeg   . . .     Faith    .     (no shield)
rPois  .         Spirit   .     (helmet restricted)
rElec  .         Reflect  .     (no cloak)
rCorr  .         Harm     .     t - +0 pair of gloves
MR     +....                    (boots unavailable)
Stlth  ++........               (no amulet)
                                (no ring)
                                e - ring of protection from magic

@: no status effects
A: beak, talons 3
a: no special abilities


You were on level 3 of the Dungeon.
You were hungry.

You visited 1 branch of the dungeon, and saw 4 of its levels.

You collected 75 gold pieces.

Inventory:

Hand Weapons
 k - a +0 hand axe (weapon)
Armour
 a - a +0 robe (worn)
 l - a +0 leather armour
 t - a +0 pair of gloves (worn)
Jewellery
 e - a ring of protection from magic (left hand)
Scrolls
 d - a scroll of blinking {unknown}
 h - a scroll of fear {unknown}
 i - a scroll of enchant armour {unknown}
 j - a scroll of identify {unknown}
 p - a scroll of teleportation {unknown}
Potions
 g - a potion of lignification {unknown}
 n - 2 potions of curing {unknown}
 o - a potion of berserk rage {unknown}
 q - a potion of flight {unknown}
 r - a potion of magic {unknown}
Books
 b - a book of Callings

   Spells                             Type                      Level
   a - Summon Small Mammal            Summoning                    1
   b - Call Imp                       Summoning                    2
   c - Call Canine Familiar           Summoning                    3
   d - Summon Guardian Golem          Hexes/Summoning              3
   e - Summon Lightning Spire         Summoning/Air                4
   f - Summon Ice Beast               Ice/Summoning                4
Comestibles
 c - a bread ration
 m - a meat ration
 s - a royal jelly


   Skills:
 * Level 0.8 Fighting
 * Level 1.0 Armour
 * Level 2.5 Dodging
 - Level 2.0 Stealth
 * Level 2.7 Spellcasting
 * Level 5.4 Summonings


You had one spell level left.
You knew the following spells:

 Your Spells              Type           Power        Failure   Level  Hunger
a - Summon Small Mammal   Summ           ###.         1%          1    #......
b - Call Imp              Summ           ###.....     3%          2    ##.....
c - Call Canine Familiar  Summ           ###.....     8%          3    ###....


Dungeon Overview and Level Annotations

Branches:
Dungeon (4/15)
 Temple: D:4-7

Altars:
Cheibriados
Kikubaaqudgha

Annotations:
D:4 Sigmund


Innate Abilities, Weirdness & Mutations

You have a beak for a mouth.
You have claws for feet.


Message History

Something closely misses your hound.
Your hound closely misses the orc wizard.
The orc wizard barely misses your hound.
The orc wizard barely misses your crimson imp.
Your crimson imp barely misses the orc wizard.
The hobgoblin hits your hound.
Your hound bites the orc.
The orc hits your hound with an enchanted hand axe!
Your hound dies!
Your hound's corpse disappears in a puff of smoke!
The orc shouts!
All of the chunks of flesh in your inventory have rotted away.
Found a scroll labeled OPAORUPEUF.
There is a stone staircase leading down here.
Casting: Call Imp
Confirm with . or Enter, or press ? or * to list all spells.
The orc priest invokes the aid of Beogh against you.
Beogh smites you!
Ouch! That really hurt!
You die...

.## #.. . ...### #.# ### .
.....###.# ..# # ###......# #.# #
.###..<..# #.# # .........#
#####.### ## ..#####..####
?.......####. ..#
##.....#############.#......
................@h...o.o...g...g.
....####....)###############.....
≈.#.# ###.#.# ##.... ≈≈..# #.#.#
##... ≈≈..# #...# #... ≈≈. #
##### ##.. ##.. #... #...


You could see an orc priest, an orc and a friendly hound.

Vanquished Creatures
  A quokka (D:3)
  A bat (D:2)
  2 rats
4 creatures vanquished.

Vanquished Creatures (collateral kills)
  A scorpion (D:3)
  An adder (D:2)
  A worm (D:2)
  A dart slug (D:1)
  A leopard gecko (D:2)
  5 orcs
  A giant cockroach (D:3)
  4 hobgoblins
  4 frilled lizards
  2 goblins (D:2)
  2 kobolds
  3 rats
26 creatures vanquished.

Grand Total: 30 creatures vanquished

Notes
Turn   | Place    | Note
-------+----------+-------------------------------------------
     0 | D:1      | Patchouli the Tengu Summoner began the quest for the Orb.
     0 | D:1      | Reached XP level 1. HP: 10/10 MP: 4/4
    61 | D:1      | Reached skill level 5 in Summonings
   178 | D:1      | Reached XP level 2. HP: 15/15 MP: 1/6
   184 | D:1      | Learned a level 2 spell: Call Imp
   288 | D:2      | Found an ancient bone altar of Kikubaaqudgha.
   725 | D:2      | Reached XP level 3. HP: 11/20 MP: 4/7
   730 | D:2      | Learned a level 3 spell: Call Canine Familiar
   761 | D:3      | Found a snail-covered altar of Cheibriados.
   790 | D:4      | Noticed Sigmund
   803 | D:4      | Noticed an ogre
   816 | D:3      | Noticed a scorpion
   876 | D:3      | Killed a scorpion
   935 | D:3      | Reached skill level 1 in Armour
   966 | D:3      | Killed from afar by an orc priest

Skill      XL: |  1  2  3 |
---------------+----------+-----
Summonings     | 5 |  5.4
Armour         | 1 |  1.0
Fighting       | |  0.8
Dodging        | |  2.5
Stealth        | |  2.0
Spellcasting   | |  2.7

Action                   || total
-------------------------++-------
Melee: Hand axe          ||    11
       Kick              ||     1
 Cast: Summon Small Mamm ||    22
       Call Imp          ||    15
       Call Canine Famil ||     4
  Use: Potion            ||     1
  Eat: Chunk             ||     1
Armor: Robe              ||     4
Dodge: Dodged            ||    25
